 Dungeon Crawl Stone Soup version 0.21.0-3-g78d12a8 (webtiles) character file.

110 Monsterracer the Covered (level 4, -4/42 HPs)
             Began as a Deep Dwarf Fighter on Jan 14, 2018.
             Slain by an ogre
             ... wielding a +0 giant club
              (12 damage)
             ... on level 4 of the Dungeon.
             The game lasted 00:01:22 (577 turns).

Monsterracer the Covered (Deep Dwarf Fighter)        Turns: 577, Time: 00:01:23

Health: -4/42      AC: 10    Str: 20    XL:     4   Next: 61%
Magic:  4/4        EV:  5    Int:  9    God:
Gold:   61         SH:  9    Dex: 12    Spells: 3/3 levels left

rFire    . . .     SeeInvis .   a - +0 war axe
rCold    . . .     Gourm    .   c - +0 shield
rNeg     . . .     Faith    .   i - +1 chain mail
rPois    .         Spirit   .   (no helmet)
rElec    .         Reflect  .   (no cloak)
rCorr    .         Harm     .   (no gloves)
MR       .....                  (no boots)
Stlth    ..........             (no amulet)
HPRegen  0.00/turn              (no ring)
MPRegen  0.09/turn              (no ring)

@: non-regenerating
A: damage resistance, heal wounds, sense surroundings 1, no regeneration
a: Heal Wounds


You were on level 4 of the Dungeon.
You were not hungry.

You visited 1 branch of the dungeon, and saw 4 of its levels.

You collected 61 gold pieces.

Inventory:

Hand Weapons
 a - a +0 war axe (weapon)
 b - a +2 flail of draining
Armour
 c - a +0 shield (worn)
 i - a +1 chain mail (worn)
Potions
 d - 2 potions of might
 e - a potion of agility
 l - a potion of cancellation {unknown}
Comestibles
 f - 4 rations


   Skills:
 + Level 3.2 Fighting
 * Level 3.8 Axes
 + Level 4.0 Armour
 + Level 4.0 Shields


You had 3 spell levels left.
You didn't know any spells.

Dungeon Overview and Level Annotations

Branches:
Dungeon (4/15)
 Temple: D:4-7

Altars:
Hepliaklqana
Nemelex Xobeh
Uskayaw


Innate Abilities, Weirdness & Mutations

You are resistant to damage.
You can heal yourself by infusing magical energy.
You passively map a small area around you.
You do not regenerate.


Message History

You block the orc's attack. The orc hits you but does no damage. x2
Your shield and chain mail prevent you from hitting the orc.
You barely miss the orc. The orc hits you but does no damage.
The orc completely misses you. The adder bites you but does no damage.
You slash the orc!
You kill the orc!
You slash the orc!
You kill the orc!
You closely miss the adder. The adder barely misses you.
You slash the adder!
The adder is almost dead.
You block the adder's attack. The adder barely misses you.
You barely miss the adder.
The adder is almost dead.
The adder bites you. The adder bites you but does no damage.
You take 2 damage, and have 18/42 hp.
Your shield and chain mail prevent you from hitting the adder.
The adder is almost dead.
The adder bites you.
You are more poisoned.
The adder poisons you! The adder barely misses you.
You closely miss the adder.
The adder is almost dead.
You block the adder's attack. The adder barely misses you.
You closely miss the adder.
The adder is almost dead.
The adder barely misses you. The adder bites you but does no damage.
You closely miss the adder.
The adder is severely wounded.
The adder barely misses you.
You closely miss the adder.
The adder is severely wounded.
The adder bites you but does no damage. The adder barely misses you.
You hit the adder.
You kill the adder!
Your Armour skill increases to level 4!
Your Shields skill increases to level 4!
No target in view!
No target in view!
Items here: )) [ †† a club; a short sword; a scale mail; an orc corpse x2
d - 2 potions of might (gained 1)
Items here: ))) [ ††
k - a scroll labeled PYSOMO ENUA
Items here: )) [ †† a club; a short sword; a scale mail; an orc corpse x2
Found a gluggy blue potion.
k - 2 scrolls labeled PYSOMO ENUA (gained 1)
l - a gluggy blue potion You are no longer poisoned.
There is a stone staircase leading down here.
You climb downwards.
There is a stone staircase leading up here.
As you read the scroll labeled BIL KIOKAKUCLU, it crumbles to dust.
It is a scroll of enchant armour.
Your +0 chain mail glows green for a moment.
As you read the scroll labeled WUITAU TUKLAJ, it crumbles to dust.
You feel blessed for a moment.
It was a scroll of remove curse.
As you read the scroll labeled PYSOMO ENUA, it crumbles to dust.
It is a scroll of identify.
j - a potion of brilliance
As you read the scroll of identify, it crumbles to dust.
e - a potion of agility Drop what? 9/52 slots (_ for help) (? for menu, Esc to quit)
You drop a potion of brilliance.
Found an escape hatch in the floor.
There is an escape hatch in the floor here.
You open the door.
There is an open door here.
You open the door.
There is an open door here.
Found a stone staircase leading down.
An ogre comes into view. It is wielding a giant club.
The ogre shouts!
Found 2 gold pieces.
An ogre is nearby!
An ogre is nearby!
You fail to use your ability.
You fail to use your ability.
Your shield and chain mail prevent you from hitting the ogre.
The ogre hits you with a giant club.
You take 3 damage, and have 15/42 hp.
You hit the ogre.
The ogre is moderately wounded.
You block the ogre's attack.
You hit the ogre.
The ogre is heavily wounded.
The ogre barely misses you.
You hit the ogre but do no damage.
The ogre is heavily wounded.
You block the ogre's attack.
You slash the ogre!
The ogre is severely wounded.
The ogre hits you with a giant club!
* * * LOW HITPOINT WARNING * * *
You take 7 damage, and have 8/42 hp.
You hit the ogre.
The ogre is almost dead.
The ogre hits you with a giant club!
You die...

, *
#...$......
, ,
#.........
#........ ,
......., ,
* ..... , ,
, ... * #O#
#@# ** * *
#.# < , *
#.# , #.# ,
, #.# , , ,
#.# #.# * *
#.# , **
#.#


You could see an ogre.

Vanquished Creatures
  A worker ant (D:3)
  4 adders (D:3)
  2 oozes
  A dart slug (D:1)
  11 orcs (D:3)
  5 bats
  2 giant cockroaches
  A hobgoblin (D:1)
  A goblin (D:2)
  2 kobolds (D:3)
  2 rats
32 creatures vanquished.

Notes
Turn   | Place    | Note
-------+----------+-------------------------------------------
     0 | D:1      | Monsterracer the Deep Dwarf Fighter began the quest for the Orb.
     0 | D:1      | Reached XP level 1. HP: 20/20 MP: 1/1
    31 | D:1      | Reached XP level 2. HP: 24/27 MP: 2/2
    52 | D:1      | You fall through a shaft!
   329 | D:3      | Reached XP level 3. HP: 29/33 MP: 3/3
   350 | D:3      | Found a sparkling altar of Nemelex Xobeh.
   350 | D:3      | Found a hazy altar of Hepliaklqana.
   377 | D:3      | Found a hide-covered altar of Uskayaw.
   406 | D:3      | Reached XP level 4. HP: 26/42 MP: 4/4
   569 | D:4      | Noticed an ogre
   577 | D:4      | Slain by an ogre

Skill      XL: |  1  2  3  4 |
---------------+-------------+-----
Axes           | 3 |  3.8
Fighting       | 3 |  3.2
Armour         | 4 |  4.0
Shields        | 4 |  4.0

Action                   |  1- 3 |  4- 6 || total
-------------------------+-------+-------++-------
Melee: War axe           |    61 |    40 ||   101
  Use: Scroll            |       |     4 ||     4
Armor: Scale mail        |     7 |       ||     7
       Chain mail        |    31 |    25 ||    56
Dodge: Dodged            |    25 |    19 ||    44
Block: Shield            |    36 |    23 ||    59

Vault maps used:
D:1:      dpeg_arrival_radiant, minmay_misc_feat_nine_boxes, patterned_corridor
D:3:      overflow_temple_1_default, gammafunk_temple_overflow_wave,
          minmay_misc_feat_alley, minmay_distorted
D:4:      first_ration, serial_shops, nicolae_shop_waterfront,
          kennysheep_nondescript, kennysheep_generic_room_2
